Map: Kairos Junction LE

Players

AqueroN

  • Race: Terran Terran
  • League: Grandmaster
  • Spawn Location: 5:00

Lambo - Winner!

  • Race: Zerg Zerg
  • League: Master
  • Spawn Location: 11:00

VOD

Have the link to the VOD?

Description

Time

  • Played on: Dec. 6, 2018, 8:55 a.m.
  • Length: 17:38
Show
View Real Time Build Order
Export as new Build Order

AqueroN Terran 

Build Orders: Gas First Reaper Expand, Hellion Banshee 

Get SALT Encoding   

  12  0:01  SCV  
  13  0:13  SCV  
  14  0:17  Supply Depot  
  14  0:25  SCV  
  15  0:31  Refinery  
  15  0:39  SCV  
  16  0:43  Barracks  
  16  0:51  SCV  
  17  1:03  SCV  
  18  1:15  SCV  
  19  1:31  Reaper, Orbital Command  
  20  1:43  Command Center  
  20  1:53  Factory  
  20  1:58  SCV  
  21  2:07  Supply Depot  
  21  2:08  Barracks Reactor  
  21  2:11  SCV  
  21  2:14  Refinery  
  22  2:23  SCV  
  23  2:35  SCV  
  24  2:47  Starport, SCV  
  24  2:50  Hellion x2  
  29  2:52  Marine  
  29  2:57  Orbital Command  
  30  2:59  SCV  
  31  3:08  Supply Depot  
  31  3:12  SCV  
  32  3:13  Barracks Tech Lab  
  32  3:14  Hellion  
  32  3:19  Hellion  
  36  3:24  SCV  
  36  3:26  SCV  
  38  3:35  Hellion  
  40  3:42  SCV x2  
  40  3:45  Hellion  
  40  3:46  Banshee  
  47  3:49  Cloaking Field  
  47  3:54  SCV  
  48  4:00  SCV  
  49  4:03  Barracks Tech Lab  
  49  4:06  SCV  
  50  4:16  Supply Depot, Command Center  
  50  4:22  SCV x2  
  52  4:25  Stimpack  
  52  4:34  SCV  
  52  4:38  Banshee  
  56  4:40  Barracks x2  
  56  4:42  Factory Reactor  
  56  4:44  Marine, SCV  
  58  4:49  Supply Depot  
  58  4:58  Engineering Bay, SCV x2  
  58  4:59  Engineering Bay  
  60  5:01  Marine  
  61  5:10  SCV  
  61  5:11  SCV  
  60  5:22  SCV  
  60  5:27  Marine  
  60  5:28  Marine  
  61  5:29  Terran Infantry Armor Level 1, Terran Infantry Weapons Level 1  
  61  5:31  SCV, Orbital Command  
  61  5:33  Refinery  
  61  5:34  Refinery, Marine x3  
  65  5:36  Siege Tank  
  65  5:39  SCV  
  69  5:45  Starport Reactor  
  69  5:47  Barracks  
  69  5:49  Marine x2  
  71  5:50  Barracks  
  71  5:54  SCV x2  
  73  5:57  Marine  
  73  5:58  Marine x2  
  76  6:05  Orbital Command  
  76  6:06  SCV x2  
  78  6:12  Marine x2  
  78  6:15  Marine  
  78  6:18  SCV x2  
  83  6:25  Supply Depot, Siege Tank  
  86  6:26  Supply Depot  
  86  6:28  Supply Depot  
  86  6:30  SCV x2  
  86  6:32  Marine x3  
  90  6:35  SCV  
  92  6:42  SCV  
  92  6:44  Supply Depot, Barracks Tech Lab, Barracks Reactor  
  92  6:46  Supply Depot  
  92  6:47  Medivac x2, SCV x2  
  99  6:54  SCV  
  99  6:55  Combat Shield  
  99  6:56  Marine x5  
  99  6:57  Armory  
  99  7:00  SCV x2  
  107  7:04  Refinery  
  107  7:06  SCV  
  108  7:11  Supply Depot  
  108  7:12  Supply Depot  
  108  7:13  Marine  
  108  7:14  Marine x2  
  111  7:16  SCV x2  
  111  7:17  Factory  
  111  7:18  SCV  
  114  7:25  Marine x2  
  114  7:26  Marine x2  
  114  7:29  Marauder  
  120  7:32  Marauder  
  120  7:33  SCV x3  
  125  7:38  Marine x2  
  125  7:40  Siege Tank  
  130  7:45  SCV  
  130  7:46  SCV x2  
  130  7:50  Terran Infantry Weapons Level 2  
  133  7:56  Liberator, Barracks  
  127  8:05  Marine x3  
  115  8:09  Factory Reactor  
  115  8:12  Siege Tank  
  115  8:17  Command Center  
  115  8:18  Refinery  
  118  8:20  Barracks, Marine x3  
  118  8:21  Barracks, Marine, Marauder  
  118  8:22  SCV x2  
  118  8:23  SCV  
  102  8:39  Marine, Marauder  
  102  8:40  Marine x4  
  106  8:43  Marauder  
  106  8:46  Drilling Claws, Widow Mine x3  
  114  8:54  Medivac  
  114  8:55  Marine  
  117  8:57  SCV x3  
  117  9:00  Marauder  
  117  9:01  Sensor Tower  
  122  9:07  Marine x2, Widow Mine  
  122  9:08  Widow Mine x2  
  122  9:09  Marine  
  127  9:13  Terran Infantry Armor Level 2  
  127  9:16  Marine x3  
  128  9:17  Barracks Tech Lab x2  
  128  9:18  Barracks Reactor, Marauder  
  128  9:21  SCV x3  
  133  9:24  Marine  
  133  9:25  Marine  
  133  9:29  Widow Mine x3  
  141  9:38  Marine x2  
  141  9:40  Medivac x2  
  141  9:42  Marine, Marauder x2  
  150  9:51  Marine, Marauder x2  
  151  9:55  Widow Mine  
  146  10:04  Marauder  
  146  10:06  Widow Mine x2  
  150  10:19  Marine x6, Marauder x3  
  150  10:20  Planetary Fortress, Marine  
  163  10:23  Sensor Tower  
  163  10:24  Refinery  
  163  10:25  Medivac  
  163  10:26  Refinery, Command Center, Widow Mine  
  163  10:27  Widow Mine  
  169  10:28  Barracks  
  169  10:30  Barracks  
  169  10:32  Terran Infantry Weapons Level 3  
  168  10:43  Marine x2, Marauder x2, Widow Mine  
  168  10:44  Marine x4, Marauder  
  168  10:48  Supply Depot  
  168  10:49  Supply Depot  
  180  10:54  Liberator x2  
  180  11:06  Marine  
  180  11:07  Marauder x4  
  180  11:10  Widow Mine x2  
  180  11:11  Widow Mine  
  154  11:18  Marine x3  
  154  11:19  Marine  
  154  11:23  Unknown x3  
  154  11:28  Marauder x4  
  154  11:29  Marine x2  
  154  11:30  Marine, Barracks Tech Lab  
  154  11:32  Widow Mine x3  
  169  11:33  Barracks Tech Lab  
  165  11:49  Marine x5  
  165  11:50  Marine, Marauder x4  
  165  11:51  Marine  
  165  11:53  Marine, Marauder, Widow Mine x3  
  189  11:58  Terran Infantry Armor Level 3  
  189  12:09  Marine, Marauder  
  189  12:11  Marauder x4  
  189  12:14  Widow Mine  
  189  12:15  Widow Mine  
  193  12:16  Marauder  
  195  12:30  Marauder  
  195  12:33  Marauder  
  199  12:41  Ghost Academy  
  192  12:47  Marine, Marauder x3  
  192  12:48  Marine x2  
  192  12:50  Widow Mine x2  
  188  13:01  Marauder x3  
  188  13:02  Marine x3  
  198  13:08  Marauder  
  198  13:09  Marauder  
  196  13:14  Command Center  
  193  13:29  Marauder x2  
  193  13:30  Marauder  
  193  13:33  Widow Mine x2  
  199  13:35  Medivac x2  
  199  13:38  Widow Mine  
  200  13:43  Personal Cloaking  
  196  13:50  Concussive Shells  
  196  13:55  Marauder x3  
  200  13:56  Marauder  
  200  14:06  Medivac x2  
  194  14:10  Unknown x2  
  194  14:21  Marauder x2  
  194  14:24  Widow Mine  
  194  14:27  Unknown  
  191  14:31  Orbital Command  
  191  14:34  Marine x5  
  191  14:35  Marine x3  
  191  14:36  Marauder  
  199  14:39  Unknown  
  198  14:52  Planetary Fortress  
  197  14:53  Refinery  
  197  14:54  Refinery, Marauder  
  197  14:56  Sensor Tower  
  199  15:17  Ghost x2  
  199  15:18  Ghost x4  
  199  15:19  Marine x4  
  199  15:20  Medivac x2  
  192  15:32  Marine x3  
  183  15:45  Marine x4  
  183  15:46  Ghost x3, Widow Mine  
  183  15:47  Widow Mine x2  
  188  15:50  Medivac x2, Ghost x3  
  188  15:51  Marine  
  193  16:07  Marine x3  
  186  16:14  Ghost  
  186  16:15  Ghost x2, Marine x3  
  180  16:18  Ghost  
  180  16:21  Ghost x2, Command Center  
  180  16:22  Marine  
  180  16:24  Sensor Tower, Widow Mine x3  
  193  16:33  Marine  
  193  16:36  Marine  
  195  16:43  Ghost  
  195  16:44  Marauder  
  181  16:58  Unknown x5, Marauder x2  
  167  17:04  Unknown x4  
  167  17:05  Marauder x2  
  144  17:18  Marine x4  
  145  17:28  Unknown x3  
Show
View Real Time Build Order
Export as new Build Order

Lambo Zerg - Winner!

Build Orders: Hatch First 

Get SALT Encoding   

  12  0:00  Drone  
  13  0:13  Overlord  
  13  0:16  Drone  
  14  0:32  Drone x2  
  16  0:47  Hatchery  
  15  0:51  Drone  
  15  0:55  Drone  
  17  0:57  Drone  
  18  1:09  Extractor  
  17  1:13  Spawning Pool  
  17  1:16  Drone  
  17  1:19  Drone  
  18  1:29  Drone  
  19  1:42  Drone  
  20  1:54  Overlord  
  20  2:00  Queen x2  
  20  2:01  Zergling x4  
  26  2:09  Metabolic Boost  
  26  2:13  Drone x2  
  28  2:21  Drone  
  29  2:23  Drone  
  30  2:33  Drone  
  31  2:40  Hatchery  
  30  2:48  Pneumatized Carapace  
  30  2:49  Drone  
  31  2:56  Drone  
  32  2:59  Overlord  
  32  3:03  Drone  
  33  3:06  Drone x3  
  36  3:17  Queen  
  38  3:25  Drone x3  
  38  3:26  Drone  
  41  3:28  Overlord  
  41  3:37  Queen  
  41  3:38  Overlord  
  43  3:51  Zergling x10  
  43  3:52  Queen  
  50  3:58  Overlord  
  50  4:01  Drone  
  50  4:04  Overlord  
  50  4:05  Drone  
  50  4:08  Drone  
  50  4:09  Baneling Nest  
  51  4:14  Drone x3  
  51  4:15  Drone  
  55  4:18  Spore Crawler  
  55  4:21  Spore Crawler, Drone  
  55  4:22  Lair  
  55  4:24  Drone  
  55  4:32  Evolution Chamber x2  
  55  4:33  Overlord  
  55  4:35  Overlord  
  53  4:41  Spore Crawler  
  53  4:42  Drone  
  53  4:44  Drone x3  
  55  4:49  Drone  
  55  4:50  Drone x3  
  59  4:54  Queen  
  59  4:59  Extractor  
  60  5:01  Zerg Melee Weapons Level 1, Extractor  
  60  5:04  Drone  
  60  5:06  Evolution Chamber  
  59  5:07  Drone x2  
  59  5:10  Drone x2  
  59  5:11  Drone  
  62  5:18  Zergling x8  
  64  5:24  Drone  
  64  5:25  Overseer, Drone x2  
  65  5:29  Drone x3  
  65  5:31  Drone  
  69  5:35  Drone  
  69  5:36  Drone  
  69  5:37  Queen  
  69  5:39  Drone  
  69  5:42  Drone x3  
  77  5:46  Queen  
  77  5:49  Drone  
  80  5:55  Zerg Ground Armor Level 1  
  80  5:57  Drone x3  
  80  6:00  Extractor  
  80  6:01  Drone x2  
  84  6:06  Drone x5, Extractor  
  84  6:11  Drone x2  
  90  6:16  Drone x4  
  92  6:20  Extractor  
  92  6:22  Hydralisk Den  
  92  6:23  Centrifical Hooks  
  92  6:25  Drone x3  
  93  6:33  Hatchery  
  92  6:43  Overlord  
  91  6:48  Baneling  
  91  6:49  Overlord  
  91  6:51  Overlord  
  91  6:52  Overlord x2  
  91  6:53  Overlord  
  91  6:56  Overlord  
  91  6:57  Baneling x4  
  91  6:59  Grooved Spines, Overlord  
  91  7:00  Overlord  
  91  7:03  Zergling x12  
  91  7:04  Baneling x3  
  91  7:07  Hydralisk  
  99  7:08  Hydralisk  
  99  7:13  Hydralisk x2  
  105  7:16  Hydralisk  
  105  7:19  Hydralisk x2  
  111  7:28  Hydralisk x2  
  111  7:29  Zergling x8  
  119  7:34  Zerg Melee Weapons Level 2, Infestation Pit  
  119  7:37  Zergling x4  
  120  7:45  Zergling x2  
  120  7:46  Zergling x12  
  120  7:48  Baneling x4  
  127  7:51  Zergling x4  
  127  7:54  Baneling x9  
  124  8:04  Zergling x20  
  122  8:08  Zergling x8  
  118  8:14  Overseer  
  118  8:15  Zerg Ground Armor Level 2  
  118  8:17  Drone x3  
  121  8:20  Hydralisk  
  121  8:22  Hydralisk  
  121  8:25  Hydralisk  
  121  8:26  Hydralisk  
  126  8:32  Hydralisk x2  
  114  8:35  Hydralisk x2  
  114  8:36  Zergling x4  
  115  8:48  Drone x4  
  119  8:52  Zergling x8  
  119  8:53  Zergling x2, Hatchery  
  123  8:56  Baneling x4  
  123  9:00  Hive  
  123  9:01  Zergling x2  
  124  9:06  Zergling x10  
  127  9:11  Zergling x10  
  128  9:20  Zergling x18  
  128  9:22  Muscular Augments  
  137  9:27  Baneling x9  
  137  9:32  Zergling x12  
  137  9:37  Zergling x4  
  145  9:41  Queen  
  145  9:43  Extractor  
  145  9:44  Hydralisk  
  149  9:45  Zergling x6  
  149  9:52  Zergling x8  
  152  9:59  Overlord  
  139  10:05  Hydralisk x4  
  139  10:06  Hydralisk x2  
  147  10:08  Drone x5  
  147  10:11  Queen  
  154  10:15  Zerg Missile Weapons Level 1, Viper  
  154  10:16  Overlord x2  
  157  10:25  Baneling x5  
  157  10:26  Overseer  
  157  10:33  Zerg Ground Armor Level 3  
  157  10:38  Drone x3, Viper  
  157  10:39  Drone  
  157  10:40  Overseer  
  157  10:42  Zergling x20  
  174  10:54  Drone x2  
  174  10:55  Drone  
  177  10:59  Zergling x10  
  177  11:01  Spire  
  177  11:03  Zergling x2  
  158  11:12  Zergling x26  
  158  11:18  Zergling x2  
  166  11:24  Zergling x8  
  161  11:30  Drone x7  
  161  11:32  Drone  
  169  11:36  Overseer, Drone x2  
  165  11:43  Drone x3  
  168  11:52  Baneling x5  
  168  11:54  Drone x4  
  162  11:56  Hatchery  
  162  12:03  Baneling x6  
  162  12:05  Drone x2  
  162  12:06  Adrenal Glands  
  162  12:07  Hatchery  
  163  12:10  Zerg Missile Weapons Level 2  
  161  12:17  Hydralisk x4, Greater Spire  
  161  12:18  Hydralisk x3  
  175  12:29  Drone x4  
  179  12:31  Drone x2, Extractor  
  179  12:32  Drone  
  163  13:01  Hydralisk x4  
  163  13:02  Overlord  
  159  13:11  Overlord x2  
  159  13:13  Drone x3  
  162  13:22  Drone x5  
  162  13:25  Hydralisk x2  
  162  13:26  Zergling x18  
  178  13:28  Zerg Melee Weapons Level 3  
  175  13:35  Zergling x18  
  181  13:52  Extractor  
  181  13:55  Extractor  
  176  13:57  Drone x3  
  178  14:09  Corruptor x5  
  184  14:11  Zerg Flyer Weapons Level 1, Queen  
  184  14:15  Overseer  
  190  14:17  Baneling x13  
  190  14:23  Zergling x20  
  192  14:32  Overlord  
  192  14:33  Corruptor  
  194  14:45  Overlord x3  
  194  14:46  Overlord  
  193  14:55  Brood Lord  
  195  15:02  Overseer x2  
  195  15:05  Spore Crawler  
  194  15:07  Spore Crawler, Spine Crawler x2  
  194  15:08  Drone x3, Spine Crawler  
  194  15:09  Extractor  
  194  15:10  Brood Lord x3  
  197  15:19  Brood Lord x2  
  188  15:23  Corruptor  
  188  15:24  Corruptor x4  
  196  15:40  Corruptor x2  
  196  15:41  Corruptor x2  
  196  15:42  Zergling x18  
  196  15:59  Overseer  
  179  16:15  Drone x3  
  179  16:17  Brood Lord, Extractor  
  179  16:18  Overseer, Brood Lord x7  
  196  16:24  Brood Lord  
  198  16:26  Baneling x2  
  198  16:27  Baneling x9  
  198  16:28  Overseer x2  
  194  16:52  Zergling x34  
  193  17:04  Hydralisk x2  
  193  17:05  Hydralisk  
  181  17:17  Overlord  
Tags
 
Add a new tag
Caveats
  • Supply blocks, unpowered buildings, or Contaminate may cause inaccurate times.
  • Supply counts are checked every 10 seconds.